 Dungeon Crawl Stone Soup version 0.20.0-8-g6b59dc7 (webtiles) character file.

46 4thArraOfDagon the Skirmisher (level 3, -12/30 HPs)
             Began as a Barachi Fighter on June 2, 2017.
             Killed from afar by Ijyb (23 damage)
             ... with a wand of lightning (?/15)
             ... on level 4 of the Dungeon.
             The game lasted 00:02:22 (452 turns).

4thArraOfDagon the Skirmisher (Barachi Fighter)      Turns: 452, Time: 00:02:23

Health: -12/30     AC: 11    Str: 17    XL:     3   Next: 68%
Magic:  12/12      EV:  4    Int:  9    God:
Gold:   78         SH:  9    Dex: 11    Spells: 2/2 levels left

rFire    + . .     SeeInvis .   a - +0 long sword
rCold    . . .     Gourm    .   c - +0 shield
rNeg     . . .     Faith    .   h - +2 chain mail {rF+}
rPois    .         Spirit   .   (no helmet)
rElec    .         Reflect  .   (no cloak)
rCorr    .         Harm     .   (no gloves)
MR       .....                  (no boots)
Stlth    ..........             (no amulet)
Regen    0.1/turn               l - ring of magical power
MPRegen  0.2/turn               (no ring)

@: slow
A: +LOS, swims, slowness 1, strong legs 1
a: Hop


You were on level 4 of the Dungeon.
You were not hungry.

You visited 1 branch of the dungeon, and saw 5 of its levels.

You collected 78 gold pieces.

Inventory:

Hand Weapons
 a - a +0 long sword (weapon)
Armour
 b - a +0 scale mail
 c - a +0 shield (worn)
 h - a +2 chain mail of fire resistance (worn)
 i - a +2 ring mail of fire resistance
Jewellery
 l - a ring of magical power (left hand)
Wands
 k - a wand of digging (16/24)
 q - a wand of random effects (29/48)
Scrolls
 e - a scroll of remove curse
 n - a scroll of amnesia {unknown}
Potions
 d - a potion of might
 j - a potion of lignification
 m - a potion of flight {unknown}
 o - a potion of ambrosia {unknown}
 p - 2 potions of haste {unknown}
Comestibles
 f - 2 bread rations
 g - a meat ration


   Skills:
 + Level 4.2 Fighting
 * Level 3.8 Long Blades
 + Level 4.0 Armour
 - Level 3.2 Shields


You had 2 spell levels left.
You didn't know any spells.

Dungeon Overview and Level Annotations

Branches:
Dungeon (5/15)
 Temple: D:4-7

Altars:

Annotations:
D:4 Ijyb
D:5 miragecloak's ghost, novice OpTm


Innate Abilities, Weirdness & Mutations

Shadows flee at your approach. (+LOS)
You can swim through water.
You cover ground slowly.
You can hop short distances.


Message History

Press: ? - help, v - describe, . - travel
Here: Ijyb, wearing a leather armour The floor.
Unknown command.
You block the jackal skeleton's attack.
Ijyb screams, "Get away!"
You hit the jackal skeleton.
The jackal skeleton is heavily damaged.
The jackal skeleton bites you but does no damage. x2
You barely miss the jackal skeleton.
The jackal skeleton is heavily damaged.
You block the jackal skeleton's attack. The jackal skeleton bites you.
Ijyb screams, "Die!"
You hit the jackal skeleton.
The jackal skeleton is almost destroyed.
The jackal skeleton bites you.
Ijyb zaps a wand.
The bolt of lightning misses the jackal skeleton.
The bolt of lightning hits you! x2
Ouch! That really hurt!
You die...

#.##...#.# .
.. #...#.###
#g ##
##......# .Z
##..#.###.#.#
#.........#.#
#.#...#####.#
#.##....<# .#
#....>#####.#
#####@Zg....#
#########


You could see Ijyb and a jackal skeleton.

Vanquished Creatures
  Terence (D:3)
  A howler monkey skeleton (D:4)
  A worm (D:3)
  3 orcs (D:4)
  A goblin (D:2)
  A hobgoblin (D:2)
  A quokka (D:2)
  A frilled lizard (D:4)
  A rat (D:2)
11 creatures vanquished.

Notes
Turn   | Place    | Note
-------+----------+-------------------------------------------
     0 | D:1      | 4thArraOfDagon the Barachi Fighter began the quest for the Orb.
     0 | D:1      | Reached XP level 1. HP: 18/18 MP: 1/1
     0 | D:1      | 4thArraOfDagon: this combo is pretty fun
     0 | D:1      | 4thArraOfDagon: you should ry
    14 | D:2      | BLOAX: oh shit a +2 weapon apt
    36 | D:2      | BLOAX: oh shit a cursed -2 chainmail
    48 | D:2      | BLOAX: PogChamp
    93 | D:4      | BLOAX: PogChamp It PogChamp Wasn't PogChamp Shit PogChamp
   100 | D:5      | Entered Level 5 of the Dungeon
   104 | D:5      | Noticed miragecloak's ghost (novice OpTm)
   143 | D:4      | Reached XP level 2. HP: 25/25 MP: 2/2
   177 | D:4      | BLOAX: xl2 AC 11 gachiGASM
   253 | D:4      | BLOAX: potion of killdudes with BEAR HANDS too
   257 | D:4      | BLOAX: FeelsGoodMan
   330 | D:3      | Noticed Terence
   348 | D:3      | Killed Terence
   348 | D:3      | Reached XP level 3. HP: 29/30 MP: 3/3
   441 | D:4      | Noticed Ijyb
   452 | D:4      | Killed from afar by Ijyb

Skill      XL: |  1  2 |
---------------+-------+-----
Long Blades    | 3 |  3.8
Fighting       | 4 |  4.2
Armour         | 4 |  4.0
Shields        | |  3.2

Action                   || total
-------------------------++-------
Melee: Long sword        ||    49
  Use: Scroll            ||     2
Armor: Chain mail        ||    19
       Scale mail        ||     1
Dodge: Dodged            ||     6
Block: Shield            ||    18
       Rpst.: Long sword ||     4
